Match 46354327
Unlisted

Match 46354327
End
Construct Barracks
Selects Armored Battlegroup
Riflemen Squad
Riflemen Squad
Selects Veteran Crews
1⁄4-ton 4x4 Truck
Riflemen Squad
Grenade Package
Mechanized Support Center
Engineer Squad
Riflemen Squad
M1918 Browning Automatic Rifles
Construct Motor Pool
M1 Anti-tank Gun Team
M8 Greyhound Armored Car
Construct Medical Station
M8 Greyhound Armored Car
Improvised Armor
M16 Multiple Gun Motor Carriage
Designate Forward Repair Station
M3 75 mm Gun Motor Carriage
Designate Forward Repair Station
Selects Fast Deploy
Selects Field Repairs
Selects War Machine
Selects Seek and Destroy
M8 Greyhound Armored Car
Engineer Squad
Rapid Repairs
Construct Tank Depot
Selects UNKNOWN (2160077)
M1 Anti-tank Gun Team
M4A3E8 Sherman Easy Eight
Dark Lord Cthulhu
ColdSkull1
0
0

Comments sign in to comment!

No comments posted yet!